 Dungeon Crawl Stone Soup version 0.29-a0-367-gc2b5878c41 (webtiles) character file.

Game seed: 6202018102389612567

86 Gargoyl the Skirmisher (level 4, -1/29 HPs)
             Began as a Gargoyle Abyssal Knight on Apr 28, 2022.
             Was a Believer of Lugonu.
             Slain by an ogre
             ... wielding a +0 giant club
              (17 damage)
             ... on level 3 of the Dungeon on May 1, 2022.
             The game lasted 00:03:37 (2418 turns).

Gargoyl the Skirmisher (Gargoyle Abyssal Knight)    Turns: 2418, Time: 00:03:38

Health: -1/29      AC:  7    Str: 17    XL:     4   Next: 50%
Magic:  6/6        EV: 11    Int: 10    God:    Lugonu [**....]
Gold:   119        SH:  0    Dex: 14    Spells: 3/3 levels left

rFire   . . .      SeeInvis +   j - +11 short sword "Rounyheg" {vorpal, Drain rC+ Will+ Dex+2}
rCold   + . .      Faith    .   (no shield)
rNeg    + . .      Spirit   .   b - +1 leather armour
rPois   ∞          Reflect  .   (no helmet)
rElec   +          Harm     .   (no cloak)
rCorr   .          Rampage  .   (no gloves)
Will    +....                   (no boots)
Stlth   +.........              (no amulet)
HPRegen 0.09/turn               n - ring of see invisible
MPRegen 0.10/turn               (no ring)

@: no status effects
A: sickness immunity, AC +3, negative energy resistance 1, electricity
resistance, torment resistance 1, petrification resistance
a: Renounce Religion, Depart the Abyss, Bend Space


You were on level 3 of the Dungeon.
You worshipped Lugonu.
Lugonu was pleased with you.
You visited 1 branch of the dungeon, and saw 3 of its levels.
You visited the Abyss 1 time.

You collected 119 gold pieces.

Inventory:

Hand Weapons
 a - a +1 hand axe
 j - the +11 short sword "Rounyheg" (weapon) {vorpal, Drain rC+ Will+ Dex+2}
   (You found it on level 2 of the Dungeon)

   It inflicts extra damage upon your enemies.
   Dex:       It affects your dexterity (+2).
   rC:        It protects you from cold.
   Drain:     It drains your maximum health when unequipped.
   Will:      It increases your willpower.
Missiles
 h - 5 poisoned darts (quivered)
Armour
 b - a +1 leather armour (worn)
Jewellery
 n - a ring of see invisible (left hand)
Scrolls
 f - a scroll of fog
 m - a scroll of identify
Potions
 c - a potion of flight
 d - 2 potions of might
 e - a potion of magic {unknown}
 g - 3 potions of curing {unknown}
 i - 2 potions of brilliance {unknown}
 k - 2 potions of cancellation {unknown}


   Skills:
 + Level 3.9 Fighting
 + Level 0.1 Short Blades
 + Level 2.6 Axes
 + Level 2.6 Armour
 + Level 1.0 Dodging
 + Level 0.5 Stealth
 * Level 3.1 Invocations


You had 3 spell levels left.
You didn't know any spells.
Your spell library contained the following spells:

 Spells                   Type           Power      Damage    Failure   Level
 Beastly Appendage        Tmut           0%         N/A       41%         1
 Blink                    Tloc           0%         N/A       56%         2
 Wereblood                Tmut           0%         N/A       56%         2
 Inner Flame              Hex/Fire       0%         N/A       80%         3
 Lesser Beckoning         Tloc           0%         N/A       80%         3
 Spider Form              Tmut/Pois      0%         N/A       80%         3
 Cause Fear               Hex            0%         N/A       99%         4
 Manifold Assault         Tloc           0%         N/A       100%        5
 Discord                  Hex            0%         N/A       100%        8


Dungeon Overview and Level Annotations

Branches:
Dungeon (3/15)

Altars:
Yredelemnul


Innate Abilities, Weirdness & Mutations

You are immune to sickness and miasma.
Your stone body is resilient. (AC +3)
You are immune to poison.
You resist negative energy. (rN+)
You are resistant to electric shocks. (rElec)
You are resistant to unholy torment.
You are immune to petrification.


Message History

Found 17 gold pieces and a ring mail.
The rat bites you but does no damage. The rat attacks as you move away!
The rat bites you but does no damage.
You hit the rat.
You kill the rat!
Lugonu accepts your kill.
You see here a rat corpse.
You now have 116 gold pieces (gained 17).
You see here a rat corpse.
You see here 25 stones.
The ogre shouts!
The kobold shouts!
The jelly quivers.
Key pressed, stopping explore.
You see here a +0 leather armour.
Key pressed, stopping explore.
You now have 119 gold pieces (gained 3).
Partly explored, unvisited transporter.
Partly explored, unvisited transporter.
Partly explored, unvisited transporter.
As you read the scroll labelled BAYLEL LACKURO, it crumbles to dust.
You speak a Word of immense power!
It was a scroll of holy word.
There is a stone staircase leading down here.
There is a transporter here.
You enter the transporter and appear at another place.
The ogre shouts!
The kobold shouts!
The bat closely misses you. The quokka misses you.
The kobold throws a stone.
The stone closely misses you. The quokka closely misses you.
The quokka attacks as you move away!
The quokka bites you but does no damage.
The kobold throws a stone.
The stone hits you but does no damage. The bat hits you but does no damage.
The kobold hits you but does no damage. The kobold attacks as you move away!
The kobold hits you but does no damage. The bat closely misses you.
The bat hits you but does no damage. The ogre hits you with a +0 giant club!
There is a transporter here.
You enter the transporter and appear at another place.
The bat misses you. The jelly hits you but does no damage.
The ogre hits you with a +0 giant club!
Ouch! That really hurt!
You die...

#.### #...# #.#.# ### #######.#.#
..# #.......#.# #### ..#
#.......#.# #... ..#
#......[#.##########... ..#
#....bJ.#..............
..#########....O@.....#######.###
............#########.....# #.# #
...........##8$(_.$8##.##.###.# #
...##....#.#..(K$$"..#......#.# #
.#.##.##.#.#.#.....#.#.#..#.#.# #
.#.##.##.#.#.r#r..#..#........# #
.#....##.#.#§........#..#.#.#####
...#####.#.#..#...#..#..#.#.....#
...........#.#.$©..#.#..#.###.###


You could see an ogre, a jelly, a quokka, a bat, a kobold and a rat.

Vanquished Creatures
  3 adders
  2 worms (D:2)
  A dart slug (D:1)
  7 endoplasms
  3 giant cockroaches
  6 goblins
  3 hobgoblins
  6 jackals
  2 quokkas (D:3)
  3 ball pythons
  2 bats
  3 frilled lizards
  3 kobolds (D:1)
  5 rats
49 creatures vanquished.

Notes
Turn   | Place    | Note
-------+----------+-------------------------------------------
     0 | Abyss:1  | Gargoyl the Gargoyle Abyssal Knight began the quest for the
                  | Orb.
     0 | Abyss:1  | Reached XP level 1. HP: 14/14 MP: 2/2
    40 | Abyss:1  | Noticed a small abomination
    49 | Abyss:2  | Found a corrupted altar of Lugonu.
   100 | Abyss:2  | Noticed a thrashing horror
   100 | Abyss:2  | Noticed an efreet
   101 | Abyss:2  | Noticed an iron imp
   101 | D:1      | Escaped the Abyss
   260 | D:1      | Reached XP level 2. HP: 18/19 MP: 3/3
   342 | D:1      | Reached ** piety under Lugonu
   560 | D:1      | Found a faded altar of an unknown god.
   615 | D:1      | Reached XP level 3. HP: 24/24 MP: 5/5
  1012 | D:2      | Upgraded the game from 0.29-a0-359-g541a27f54d to
                  | 0.29-a0-367-gc2b5878c41
  1546 | D:2      | Identified the +11 short sword "Rounyheg" {vorpal, Drain
                  | rC+ Will+ Dex+2}
  1624 | D:3      | Reached XP level 4. HP: 29/29 MP: 6/6
  1807 | D:3      | Noticed an ogre
  1813 | D:3      | Reached skill level 1 in Dodging
  1823 | D:3      | Found a basalt altar of Yredelemnul.
  1828 | D:3      | Found a transporter.
  2014 | D:3      | Found a transporter.
  2418 | D:3      | Slain by an ogre

Illustrated notes

Levels and vault maps discovered:
D:1:      psy_arrival_whirlpool, layout_basic, nicolae_ecumenical_lake_church
D:2:      layout_rooms
D:3:      layout_basic, gammafunk_temple_overflow_arena

Skill      XL: |  1  2  3  4 |
---------------+-------------+-----
Axes           | 2 |  2.6
Invocations    | 3 |  3.1
Dodging        | 1 |  1.0
Fighting       | |  3.9
Short Blades   | |  0.1
Armour         | |  2.6
Stealth        | |  0.5

Action                   |  1- 3 |  4- 6 || total
-------------------------+-------+-------++-------
Melee: Hand axe          |    74 |       ||    74
       Short sword       |     4 |    19 ||    23
Invok: Depart the Abyss  |     1 |       ||     1
  Use: Scroll            |     3 |     2 ||     5
       Potion            |     1 |       ||     1
 Stab: Sleeping          |       |     1 ||     1
Armor: Leather armour    |    30 |    14 ||    44
Dodge: Dodged            |    41 |    16 ||    57

Table legend: (Time is in decaauts)
 A = Elapsed time spent in this place.
 B = Non-inter-level travel time spent in this place.
 C = Inter-level travel time spent in this place.
 D = Time resting spent in this place.
 E = Time spent auto-exploring this place.
 F = Levels seen in this place.
 G = Mean time per level.
                   A        B        C        D        E       F      G
               +--------+--------+--------+--------+--------+-----+--------+
         Total |   2436 |   2287 |    149 |      0 |   1908 |   5 |  487.2 |
       Dungeon |   2335 |   2186 |    149 |      0 |   1818 |   3 |  778.3 |
         Abyss |    100 |    100 |      0 |      0 |     90 |   2 |   50.0 |
               +--------+--------+--------+--------+--------+-----+--------+

Top non-repeatable levels by time:
     D:3: 865 daAuts
     D:1: 801 daAuts
     D:2: 668 daAuts
 Abyss:2: 51 daAuts
 Abyss:1: 49 daAuts
